 Dungeon Crawl Stone Soup version 0.24.1-14-gf8d2b509d9 (webtiles) character file.

Game seed: 15977678762688484089, levelgen mode: deterministic

24000 Gabide the Spear-Bearer (level 13, -55/105 HPs)
             Began as a Merfolk Gladiator on May 16, 2020.
             Was an Elder of Qazlal.
             Annihilated by a very large slime creature (66 damage)
             ... on level 11 of the Dungeon.
             The game lasted 00:46:02 (12695 turns).

Gabide the Spear-Bearer (Merfolk Gladiator)        Turns: 12695, Time: 00:46:02

Health: -55/105    AC: 18    Str: 18    XL:     13   Next: 10%
Magic:  17/17      EV: 19    Int: 13    God:    Qazlal [****..]
Gold:   408        SH:  5    Dex: 16    Spells: 12/12 levels left

rFire    + . .     SeeInvis +   O - +1 glaive (freeze)
rCold    . . .     Gourm    .   (shield currently unavailable)
rNeg     + . .     Faith    .   w - +7 ring mail of Coronation {rF+ rN+ Int+3 SInv}
rPois    .         Spirit   .   c - +0 helmet
rElec    .         Reflect  .   (no cloak)
rCorr    .         Harm     +   h - +0 pair of gloves
MR       .....                  (no boots)
Stlth    +.........             q - amulet of harm
HPRegen  0.27/turn              k - ring of see invisible
MPRegen  0.15/turn              v - +3 ring of protection

@: repel missiles
A: change form in water, swift swim, stealthy swim, repulsion field 1, clever 1,
robust 1, evolution 1, MP-powered wands
a: Upheaval, Elemental Force, Renounce Religion


You were on level 11 of the Dungeon.
You worshipped Qazlal.
Qazlal was greatly pleased with you.
You were not hungry.

You visited 1 branch of the dungeon, and saw 11 of its levels.
You also visited: Sewer and Ice Cave.

You collected 837 gold pieces.
You spent 429 gold pieces at shops.

Inventory:

Hand Weapons
 a - a +2 trident
 s - a +0 bardiche of flaming
 u - a +2 lajatang
 M - the +1 longbow of Exoneration {venom, rN+ MR+}
   (You found it in an ice cave)

   It poisons the ammo it fires.
   It protects you from negative energy.
   It affects your resistance to hostile enchantments.
 N - the +5 long sword of Nemelex Xobeh's Esteem {flame, Dex+5}
   (You found it in an ice cave)

   It has been specially enchanted to burn those struck by it, causing extra
   injury to most foes and up to half again as much damage against particularly
   susceptible opponents.
   Big, fiery blades are also staple armaments of hydra-hunters.
   It affects your dexterity (+5).
 O - a +1 glaive of freezing (weapon)
Missiles
 J - 7 javelins (quivered)
Armour
 b - a +0 leather armour
 c - a +0 helmet (worn)
 g - a +1 robe of positive energy
 h - a +0 pair of gloves (worn)
 w - the +7 ring mail of Coronation (worn) {rF+ rN+ Int+3 SInv}
   (You found it on level 7 of the Dungeon)

   It affects your intelligence (+3).
   It protects you from fire.
   It protects you from negative energy.
   It lets you see invisible.
Jewellery
 k - a ring of see invisible (left hand)
 q - an amulet of harm (around neck)
 v - a +3 ring of protection (right hand)
 F - an uncursed ring of attention
 L - an uncursed ring of protection from cold {unknown}
Wands
 i - a wand of disintegration (11)
 y - a wand of paralysis (7)
 B - a wand of acid (5)
 D - a wand of flame (20)
 H - a wand of iceblast (4)
Scrolls
 e - 6 scrolls of remove curse
 j - 2 scrolls of teleportation
 l - a scroll of fear
 r - a scroll of magic mapping
 C - a scroll of amnesia
 G - 5 scrolls of blinking
Potions
 d - 2 potions of agility {unknown}
 m - 5 potions of curing
 n - 4 potions of flight
 o - a potion of might
 p - 2 potions of degeneration {unknown}
 t - 2 potions of berserk rage {unknown}
 x - 3 potions of lignification
 E - a potion of cancellation {unknown}
Miscellaneous
 K - a sack of spiders
Comestibles
 f - 23 rations
 z - 2 chunks of flesh


   Skills:
 + Level 7.5 Fighting
 - Level 12.0(16.5) Polearms
 * Level 11.8(12.5) Staves
 + Level 5.4 Throwing
 * Level 5.2 Armour
 + Level 9.8 Dodging
 - Level 3.6 Stealth
 * Level 6.0 Invocations
 + Level 1.0 Evocations


You had 12 spell levels left.
You didn't know any spells.
Your spell library contained the following spells:

 Spells                   Type           Power        Failure   Level  Hunger
 Freeze                   Ice            #...         45%         1    ##.....
 Throw Frost              Conj/Ice       #.....       61%         2    ###....
 Summon Ice Beast         Ice/Summ       #.......     99%         4    #####..
 Throw Icicle             Conj/Ice       #.......     99%         4    #####..
 Bolt of Cold             Conj/Ice       #.........   100%        6    #######
 Freezing Cloud           Conj/Ice/Air   #.........   100%        6    #######


Dungeon Overview and Level Annotations

Branches:
Dungeon (11/15)            Temple (0/1) D:5            Lair (0/6) D:10
  Sewer (visited)           IceCv (visited)
    Orc: D:9-12

Altars:
Hepliaklqana
Nemelex Xobeh
Okawaru
Qazlal
Vehumet

Shops:
D:4 (   D:8 !?=   D:9 [


Innate Abilities, Weirdness & Mutations

You revert to your normal form in water.
You are very nimble and swift while swimming.
You are very stealthy in the water. (Stealth+)
You are surrounded by a mild repulsion field. (EV +2)
Your mind is acute. (Int +2)
You are robust. (+10% HP)
You evolve.
You expend magic power (3 MP) to strengthen your wands.


Message History

Ouch! That really hurt!
* * * LOW HITPOINT WARNING * * *
You are too injured to fight recklessly!
You are too injured to fight recklessly!
You are too injured to fight recklessly!
You are too injured to fight recklessly!
You are too injured to fight recklessly!
The very large slime creature is engulfed in freezing vapours.
Press: ? - help, v - describe, . - travel
Here: a very large slime creature (thunder, severely wounded)
The floor.
Press: ? - help, v - describe, . - travel
Here: a very large slime creature (severely wounded)
The floor.
You hit the very large slime creature.
You freeze the very large slime creature.
The very large slime creature is severely wounded.
The very large slime creature hits you!!!
Ouch! That really hurt!
You die...

#..#.#.# #.#.#
#........ #......#
#.#.# #.#######
#.##.### #.#.# #.#
#.##.# #.#.#### #.#
#.##.#####......####.#
#.##........###......#
#...........# #.######
###########.###.#
#@☼...# #J.#### #○.#
#°.# #..############
#..............
##.........####
#########..... ####


You could see a very large slime creature.

Vanquished Creatures
  Harold (D:7)
  8 death yaks (D:10)
  3 two-headed ogres
  Pikel (D:4)
  2 ugly things
  A manticore (D:10)
  Joseph (D:7)
  A gargoyle (D:11)
  Psyche (D:8)
  An ice statue (IceCv)
  A rime drake (IceCv)
  2 slime creatures (D:11)
  14 polar bears (IceCv)
  Prince Ribbit (D:8)
  2 hippogriffs
  Sigmund (D:4)
  26 yaks
  An acid dragon (D:11)
  3 sky beasts
  5 orc warriors
  2 slaves (D:4)
  2 black bears
  An eye of draining (D:10)
  Purgy (Sewer)
  A necrophage (D:5)
  An ice beast (D:8)
  2 phantoms (D:5)
  5 ogres
  10 wolves (IceCv)
  5 centaurs
  2 big kobolds
  3 bullfrogs
  A water moccasin skeleton (D:9)
  4 wights (D:11)
  3 howler monkeys
  4 crimson imps
  4 hounds
  2 centaur skeletons
  3 jellies
  3 orc priests
  6 orc wizards
  2 bullfrog skeletons
  2 bullfrog zombies
  2 iguanas
  15 worker ants
  A hound skeleton (D:10)
  A hound zombie (D:7)
  Robin (D:4)
  A howler monkey skeleton (D:7)
  9 adders
  A river rat (D:5)
  2 shadow imps
  An ooze (D:1)
  An adder zombie (D:6)
  2 adder skeletons
  3 worms
  2 dart slugs (D:2)
  4 leopard geckos
  37 orcs
  15 bats
  3 giant cockroaches
  17 goblins
  7 hobgoblins
  7 jackals
  7 quokkas
  5 ball pythons
  9 frilled lizards
  17 kobolds
  A leopard gecko skeleton (D:7)
  A quokka skeleton (D:8)
  12 rats
329 creatures vanquished.

Vanquished Creatures (collateral kills)
  A white draconian (IceCv)
  A polar bear (IceCv)
2 creatures vanquished.

Vanquished Creatures (others)
  A polar bear (IceCv)
  2 yaks (IceCv)
  4 wolves (IceCv)
7 creatures vanquished.

Grand Total: 338 creatures vanquished

Notes
Turn   | Place    | Note
-------+----------+-------------------------------------------
     0 | D:1      | Gabide the Merfolk Gladiator began the quest for the Orb.
     0 | D:1      | Reached XP level 1. HP: 16/16 MP: 1/1
   258 | D:1      | Reached skill level 5 in Polearms
   293 | D:1      | Reached XP level 2. HP: 21/22 MP: 2/2
   762 | D:2      | Reached XP level 3. HP: 21/27 MP: 3/3
   901 | D:2      | Noticed a bullfrog
   922 | D:2      | Killed a bullfrog
   922 | D:2      | Reached skill level 6 in Polearms
   922 | D:2      | Reached XP level 4. HP: 11/34 MP: 4/4
  1318 | D:2      | Reached XP level 5. HP: 39/39 MP: 5/5
  1532 | D:2      | Reached skill level 7 in Polearms
  1984 | D:2      | Reached skill level 1 in Stealth
  2300 | D:3      | Noticed an ogre
  2509 | D:4      | Reached skill level 8 in Polearms
  2509 | D:4      | Reached XP level 6. HP: 29/46 MP: 6/6
  2684 | D:4      | Noticed an orc warrior
  2690 | D:4      | Reached skill level 5 in Dodging
  2700 | D:4      | Killed an orc warrior
  2724 | D:4      | HP: 1/47 [orc wizard/magic dart (3)]
  2725 | D:4      | Gained mutation: You evolve. [potion of mutation]
  2725 | D:4      | Gained mutation: You are robust. (+10% HP) [potion of
                  | mutation]
  3044 | D:4      | Reached XP level 7. HP: 57/57 MP: 7/7
  3085 | D:4      | Noticed Sigmund
  3105 | D:4      | Reached skill level 9 in Polearms
  3111 | D:4      | Killed Sigmund
  3207 | D:4      | Found a stormy altar of Qazlal.
  3215 | D:4      | Became a worshipper of Qazlal Stormbringer
  3237 | D:4      | Found Xuixeok's Weapon Emporium.
  3263 | D:4      | Bought 6 javelins for 48 gold pieces
  3281 | D:4      | Noticed Robin
  3297 | D:4      | Killed Robin
  3378 | D:4      | Found a sparkling altar of Nemelex Xobeh.
  3379 | D:4      | Noticed Pikel
  3405 | D:4      | Killed Pikel
  3405 | D:4      | Reached skill level 10 in Polearms
  3405 | D:4      | Reached skill level 1 in Invocations
  3405 | D:4      | Reached XP level 8. HP: 44/66 MP: 7/9
  3634 | D:4      | Reached skill level 11 in Polearms
  3825 | D:5      | Entered Level 5 of the Dungeon
  3859 | D:5      | Found a stormy altar of Qazlal.
  4059 | D:5      | Found a glowing drain.
  4079 | Sewer    | Entered a sewer
  4094 | Sewer    | Reached * piety under Qazlal
  4213 | Sewer    | Noticed Purgy
  4224 | Sewer    | Killed Purgy
  4224 | Sewer    | Reached XP level 9. HP: 64/71 MP: 11/11
  4310 | D:5      | Reached skill level 12 in Polearms
  4341 | D:5      | Found a staircase to the Ecumenical Temple.
  4495 | D:5      | Reached skill level 1 in Staves
  5043 | D:6      | Found a radiant altar of Vehumet.
  5043 | D:6      | Found a hazy altar of Hepliaklqana.
  5344 | D:6      | Got a faintly humming ring mail
  5346 | D:6      | Identified the cursed +0 ring mail "Ystion" {Str+4} (You
                  | found it on level 6 of the Dungeon)
  5452 | D:6      | Gained mutation: You are surrounded by a mild repulsion
                  | field. (EV +2) [evolution]
  5456 | D:6      | Reached skill level 1 in Armour
  5871 | D:7      | Noticed Harold
  5882 | D:7      | Killed Harold
  5882 | D:7      | Reached skill level 5 in Fighting
  5882 | D:7      | Reached skill level 5 in Staves
  5882 | D:7      | Reached XP level 10. HP: 57/81 MP: 12/12
  5890 | D:7      | Noticed Joseph
  5907 | D:7      | Killed Joseph
  6423 | D:7      | Noticed a green ugly thing
  6442 | D:7      | Killed a green ugly thing
  6855 | D:7      | Found an iron altar of Okawaru.
  6876 | D:7      | Got a polished ring mail
  6878 | D:7      | Identified the +7 ring mail of Coronation {rF+ rN+ Int+3
                  | SInv} (You found it on level 7 of the Dungeon)
  7219 | D:8      | Noticed Prince Ribbit
  7220 | D:8      | Reached ** piety under Qazlal
  7221 | D:8      | Noticed Psyche
  7226 | D:8      | Killed Prince Ribbit
  7230 | D:8      | Killed Psyche
  7411 | D:8      | Found Qaeffajy's Magic Scroll Shoppe.
  7414 | D:8      | Bought a scroll of blinking for 97 gold pieces
  7414 | D:8      | Bought a scroll of blinking for 97 gold pieces
  7478 | D:8      | Found Peruniunk's Distillery.
  7486 | D:8      | Bought a potion of heal wounds for 55 gold pieces
  7486 | D:8      | Bought a potion of heal wounds for 55 gold pieces
  7486 | D:8      | Bought a potion of curing for 33 gold pieces
  7486 | D:8      | Bought a potion of might for 44 gold pieces
  7690 | D:8      | Found Wera's Jewellery Shop.
  7719 | D:9      | Noticed a two-headed ogre
  7724 | D:9      | Killed a two-headed ogre
  7932 | D:9      | Found Xyusi's Armour Shoppe.
  8144 | D:9      | Reached XP level 11. HP: 67/89 MP: 13/13
  8500 | D:9      | Reached *** piety under Qazlal
  8784 | D:10     | Entered Level 10 of the Dungeon
  8812 | D:10     | Noticed a two-headed ogre
  8821 | D:10     | Killed a two-headed ogre
  8999 | D:10     | Noticed a death yak
  9001 | D:10     | Noticed a death yak
  9010 | D:10     | Noticed a death yak
  9015 | D:10     | Noticed a death yak
  9016 | D:10     | Killed a death yak
  9021 | D:10     | Noticed a death yak
  9022 | D:10     | Killed a death yak
  9028 | D:10     | Noticed a death yak
  9030 | D:10     | Killed a death yak
  9030 | D:10     | Noticed a death yak
  9114 | D:10     | Noticed a manticore
  9120 | D:10     | HP: 3/90 [manticore (12)]
  9124 | D:10     | Killed a manticore
  9401 | D:10     | Found a staircase to the Lair.
  9411 | D:10     | Noticed a death yak
  9423 | D:10     | Killed a death yak
  9442 | D:10     | Killed a death yak
  9472 | D:10     | Killed a death yak
  9474 | D:10     | Killed a death yak
  9474 | D:10     | Reached skill level 10 in Staves
  9474 | D:10     | Reached skill level 5 in Throwing
  9474 | D:10     | Reached XP level 12. HP: 68/97 MP: 7/15
  9478 | D:10     | Killed a death yak
 10051 | D:10     | Gained mutation: Your mind is acute. (Int +2) [evolution]
 10270 | D:11     | Noticed a two-headed ogre
 10275 | D:11     | Killed a two-headed ogre
 10275 | D:11     | Reached skill level 5 in Invocations
 10627 | D:11     | Found a frozen archway.
 10635 | IceCv    | Entered an ice cave
 11148 | IceCv    | Gained mutation: You expend magic power (3 MP) to
                  | strengthen your wands. [evolution]
 11155 | IceCv    | Reached **** piety under Qazlal
 11376 | IceCv    | Reached skill level 5 in Armour
 11523 | IceCv    | Reached XP level 13. HP: 46/105 MP: 17/17
 11754 | IceCv    | Noticed a white draconian
 11767 | IceCv    | Killed a white draconian
 11851 | IceCv    | Got a crystal longbow
 11854 | IceCv    | Got an encrusted long sword
 11857 | IceCv    | Identified the Tome of Cold
 11885 | IceCv    | Identified a scroll of acquirement
 12091 | IceCv    | Identified the cursed +1 longbow of Exoneration {venom, rN+
                  | MR+} (You found it in an ice cave)
 12093 | IceCv    | Identified the +5 long sword of Nemelex Xobeh's Esteem
                  | {flame, Dex+5} (You found it in an ice cave)
 12475 | D:11     | Reached skill level 1 in Evocations
 12695 | D:11     | Annihilated by a very large slime creature

Levels and vault maps discovered:
D:1:      minmay_arrival_four_circles, layout_loops_cross
D:2:      minmay_inner_zag, layout_loops_corners, hex_tiny, st_stairs_10,
          minmay_circle_x
D:3:      layout_rooms
D:4:      layout_basic, overflow_temple_1_default, grunt_qazlal_sundering,
          first_ration, serial_shops, shop, minmay_misc_feat_chi,
          guppyfry_early_orc_mine, uniq_robin, uniq_sigmund, uniq_pikel
D:5:      layout_loops_corners, minmay_temple_entry_sparse_star,
          portal_sewer_entry_b, basic_altar
D:6:      layout_loops_corners, grunt_temple_overflow_open
D:7:      layout_cave_pods, grunt_ogre_cave, okawaru_ov_weapons_minmay,
          uniq_harold, uniq_joseph
D:8:      layout_rooms, serial_shops, nicolae_shop_stone, kennysheep_mini,
          kennysheep_little_box, grunt_ministairs_6, uniq_prince_ribbit1,
          uniq_psyche
D:9:      layout_gridville, serial_shops, shop
D:10:     layout_gridville, dpeg_lair_monsters
D:11:     layout_loops_ring, portal_ice_cave_entry_pillars_2

Skill      XL: |  1  2  3  4  5  6  7  8  9 10 11 12 13 |
---------------+----------------------------------------+-----
Polearms       | 5 6 8 10 11 12 | 12.0
Stealth        | 1 2 3 |  3.6
Dodging        | 5 6 7 8 9 |  9.8
Fighting       | 3 4 5 6 7 |  7.5
Throwing       | 3 4 5 |  5.4
Invocations    | 1 2 3 4 5 6 |  6.0
Staves         | 5 7 10 11 | 11.8
Armour         | 2 3 4 5 |  5.2
Evocations     | 1 |  1.0

Action                   |  1- 3 |  4- 6 |  7- 9 | 10-12 | 13-15 || total
-------------------------+-------+-------+-------+-------+-------++-------
Melee: Trident           |    83 |   157 |   138 |       |       ||   378
       Lajatang          |       |       |   106 |   568 |     4 ||   678
       Tailslap          |       |       |       |     4 |       ||     4
       Glaive            |       |       |       |       |    41 ||    41
Throw: Javelin           |     4 |     9 |    37 |    35 |     3 ||    88
       Throwing net      |     3 |     3 |       |     5 |       ||    11
       Stone             |       |     6 |     1 |       |       ||     7
Invok: Elemental Force   |       |       |       |     2 |     1 ||     3
       Upheaval          |       |       |       |     2 |       ||     2
Evoke: Wand              |       |       |     2 |     5 |     4 ||    11
       Sack of spiders   |       |       |       |     2 |     1 ||     3
  Use: Scroll            |     2 |     3 |    10 |     7 |     4 ||    26
       Potion            |       |     3 |     2 |     6 |       ||    11
 Stab: Held in net/web   |     1 |     2 |       |     1 |       ||     4
       Distracted        |       |     1 |       |       |       ||     1
       Sleeping          |       |     4 |     2 |       |       ||     6
       Paralysed         |       |       |       |     7 |       ||     7
  Eat: Chunk             |       |     4 |     9 |    14 |     2 ||    29
       Ration            |       |     1 |       |     1 |     1 ||     3
Armor: Ring mail         |    16 |       |    10 |   159 |     9 ||   194
       Leather armour    |     3 |    49 |     2 |       |       ||    54
       Robe              |       |       |    32 |       |       ||    32
       Skin              |       |       |       |    13 |       ||    13
Dodge: Dodged            |    38 |   146 |   174 |   478 |    22 ||   858
Block: Other             |       |       |     4 |   100 |     6 ||   110
